SAA
FT. POLK SOUTH THUNDER HAWKS @ TACOMA FUR TRADERS
09/04/2029
 
TOP OF THE 1ST
Ft. Polk South Thunder Hawks batting - Pitching for Tacoma Fur Traders : RHP Iván Vázquez
Pitching: RHP Iván Vázquez
Batting: SHB David Martínez 0-0: Foul Ball, location: 2F
0-1: Ball
1-1: Ground out 5-3 (Groundball, 5)
Batting: RHB Peter Feng 0-0: Foul Ball, location: 2F
0-1: Ball
1-1: SINGLE (Groundball, 56D)
Batting: RHB Borja Berrios 0-0: Called Strike
0-1: Ball
1-1: Called Strike
Peter Feng steals 2nd base
1-2: Ball
2-2: Foul Ball, location: 2F
2-2: Strikes out swinging
Batting: RHB José Morín 0-0: Called Strike
0-1: Swinging Strike
0-2: Strikes out looking
Top of the 1st over - 0 runs, 1 hit, 0 errors, 1 left on base; Ft. Polk South 0 - Tacoma 0
BOTTOM OF THE 1ST
Tacoma Fur Traders batting - Pitching for Ft. Polk South Thunder Hawks : RHP Andy Brogan
Pitching: RHP Andy Brogan
Batting: LHB Elmer Hudgins 0-0: Called Strike
0-1: Swinging Strike
0-2: Ball
1-2: Foul Ball, location: 2F
1-2: Ball
2-2: SINGLE (Line Drive, 56D)
Batting: SHB Dave Gant 0-0: Ball
1-0: Ball
2-0: Called Strike
2-1: Called Strike
2-2: Strikes out looking
Batting: RHB Gustavo González 0-0: Ball
Elmer Hudgins is caught stealing 2nd base
1-0: Ground out 4-3 (Groundball, 34)
Bottom of the 1st over - 0 runs, 1 hit, 0 errors, 0 left on base; Ft. Polk South 0 - Tacoma 0
TOP OF THE 2ND
Ft. Polk South Thunder Hawks batting - Pitching for Tacoma Fur Traders : RHP Iván Vázquez
Batting: RHB Turner Buccigross 0-0: Ball
1-0: Ball
2-0: SINGLE (Groundball, 6MS) (infield hit)
Batting: RHB Erik Sterk 0-0: Called Strike
0-1: Ball
1-1: Ball
2-1: Swinging Strike
Pickoff Throw by Catcher to First - Out!
2-2: Foul Ball, location: 2F
2-2: Foul Ball, location: 2F
2-2: Ball
3-2: Fly out, F7 (Flyball, 78M)
Batting: RHB Alejandro Santiago 0-0: Called Strike
0-1: Ball
1-1: Ball
2-1: Ball
3-1: Base on Balls
Batting: LHB Tim Stinson 0-0: Fly out, F1 (Line Drive, 15S)
Top of the 2nd over - 0 runs, 1 hit, 0 errors, 1 left on base; Ft. Polk South 0 - Tacoma 0
BOTTOM OF THE 2ND
Tacoma Fur Traders batting - Pitching for Ft. Polk South Thunder Hawks : RHP Andy Brogan
Batting: LHB Ernesto Sánchez 0-0: Ball
1-0: Ball
2-0: Ball
3-0: Base on Balls
Batting: RHB Chad Silander 0-0: SINGLE (Flyball, 89S)
Ernesto Sánchez to second
Batting: RHB Roberto Aguirre 0-0: Ball
1-0: Swinging Strike
1-1: Called Strike
1-2: Fielders Choice at 2nd, 6-4 (Groundball, 6)
Ernesto Sánchez to third
Batting: RHB David Tineo 0-0: Called Strike
0-1: Foul Ball, location: 2F
0-2: DOUBLE (Groundball, 5L)
Ernesto Sánchez scores
Roberto Aguirre to third
Runner from 3rd tries for Home, SAFE, no throw
Batting: RHB Jonathan Barnett 0-0: Ball
David Tineo steals 3rd base
1-0: Ball
2-0: Called Strike
2-1: Foul Ball, location: 2F
2-2: Ball
3-2: Ground out 6-3 (Groundball, 6)
David Tineo scores
Batting: SHB Fred Leos 0-0: Ball
1-0: Ground out 6-3 (Groundball, 6S)
Bottom of the 2nd over - 3 runs, 2 hits, 0 errors, 0 left on base; Ft. Polk South 0 - Tacoma 3
TOP OF THE 3RD
Ft. Polk South Thunder Hawks batting - Pitching for Tacoma Fur Traders : RHP Iván Vázquez
Batting: RHB Luis Oliva 0-0: Ball
1-0: Ball
2-0: Ball
3-0: Base on Balls
Batting: SHB David Martínez 0-0: Ball
1-0: Foul Ball, location: 2F
1-1: Called Strike
1-2: Ball
2-2: Grounds into double play, 4-6-3 (Groundball, 4)
Batting: RHB Peter Feng 0-0: Called Strike
0-1: Called Strike
0-2: Ball
1-2: Strikes out swinging
Top of the 3rd over - 0 runs, 0 hits, 0 errors, 0 left on base; Ft. Polk South 0 - Tacoma 3
BOTTOM OF THE 3RD
Tacoma Fur Traders batting - Pitching for Ft. Polk South Thunder Hawks : RHP Andy Brogan
Batting: LHB Elmer Hudgins 0-0: Ball
1-0: Ball
2-0: Bunt for hit - play at first, batter OUT! 1-3
Batting: SHB Dave Gant 0-0: Ball
1-0: Ball
2-0: Called Strike
2-1: SINGLE (Groundball, 6MD)
Batting: RHB Gustavo González 0-0: Fly out, F9 (Flyball, 89M)
Batting: LHB Ernesto Sánchez 0-0: Ball
1-0: Called Strike
1-1: Ball
2-1: Foul Ball, location: 2F
2-2: Fielders Choice at 2nd, 6-4 (Groundball, 6)
Bottom of the 3rd over - 0 runs, 1 hit, 0 errors, 1 left on base; Ft. Polk South 0 - Tacoma 3
TOP OF THE 4TH
Ft. Polk South Thunder Hawks batting - Pitching for Tacoma Fur Traders : RHP Iván Vázquez
Batting: RHB Borja Berrios 0-0: Ball
1-0: Foul Ball, location: 2F
1-1: Swinging Strike
1-2: Ball
2-2: Fly out, F5 (Line Drive, 5)
Batting: RHB José Morín 0-0: Ball
1-0: Swinging Strike
1-1: Called Strike
1-2: Strikes out looking
Batting: RHB Turner Buccigross 0-0: Ball
1-0: Foul Ball, location: 2F
1-1: Ball
2-1: Swinging Strike
2-2: Strikes out swinging
Top of the 4th over - 0 runs, 0 hits, 0 errors, 0 left on base; Ft. Polk South 0 - Tacoma 3
BOTTOM OF THE 4TH
Tacoma Fur Traders batting - Pitching for Ft. Polk South Thunder Hawks : RHP Andy Brogan
Batting: RHB Chad Silander 0-0: Ball
1-0: Called Strike
1-1: Foul Ball, location: 2F
1-2: Fly out, F7 (Flyball, 7LM)
Batting: RHB Roberto Aguirre 0-0: Ball
1-0: Ball
2-0: Ground out 6-3 (Groundball, 6)
Batting: RHB David Tineo 0-0: Ball
1-0: Ball
2-0: Ball
3-0: Base on Balls
Batting: RHB Jonathan Barnett 0-0: Ball
David Tineo steals 2nd base
1-0: Swinging Strike
1-1: Called Strike
1-2: Strikes out swinging
Bottom of the 4th over - 0 runs, 0 hits, 0 errors, 1 left on base; Ft. Polk South 0 - Tacoma 3
TOP OF THE 5TH
Ft. Polk South Thunder Hawks batting - Pitching for Tacoma Fur Traders : RHP Iván Vázquez
Batting: RHB Erik Sterk 0-0: Called Strike
0-1: Fly out, F8 (Flyball, 8LD)
Batting: RHB Alejandro Santiago 0-0: Foul Ball, location: 2F
0-1: Foul Ball, location: 2F
0-2: Strikes out swinging
Batting: LHB Tim Stinson 0-0: Ball
1-0: Called Strike
1-1: Foul Ball, location: 2F
1-2: Strikes out swinging
Top of the 5th over - 0 runs, 0 hits, 0 errors, 0 left on base; Ft. Polk South 0 - Tacoma 3
BOTTOM OF THE 5TH
Tacoma Fur Traders batting - Pitching for Ft. Polk South Thunder Hawks : RHP Andy Brogan
Batting: SHB Fred Leos 0-0: Ball
1-0: Called Strike
1-1: Ball
2-1: Ball
3-1: Foul Ball, location: 2F
3-2: Base on Balls
Batting: LHB Elmer Hudgins 0-0: Sac Bunt - play at first, batter OUT! 1-3
Fred Leos to second
Batting: SHB Dave Gant 0-0: Ball
1-0: Ball
2-0: Ball
3-0: Base on Balls
Batting: RHB Gustavo González 0-0: Called Strike
0-1: Foul Ball, location: 2F
0-2: Strikes out swinging
Batting: LHB Ernesto Sánchez 0-0: Ball
1-0: Called Strike
1-1: Fly out, F8 (Flyball, 8LM)
Bottom of the 5th over - 0 runs, 0 hits, 0 errors, 2 left on base; Ft. Polk South 0 - Tacoma 3
TOP OF THE 6TH
Ft. Polk South Thunder Hawks batting - Pitching for Tacoma Fur Traders : RHP Iván Vázquez
Batting: RHB Luis Oliva 0-0: Called Strike
0-1: Ball
1-1: Foul Ball, location: 2F
1-2: Strikes out swinging
Batting: SHB David Martínez 0-0: Ball
1-0: Foul Ball, location: 2F
1-1: Fly out, F7 (Line Drive, 7D)
Pitching: LHP Luis Ruíz
Batting: RHB Peter Feng 0-0: Foul Ball, location: 2F
0-1: Ball
1-1: Foul Ball, location: 2F
1-2: Strikes out swinging
Top of the 6th over - 0 runs, 0 hits, 0 errors, 0 left on base; Ft. Polk South 0 - Tacoma 3
BOTTOM OF THE 6TH
Tacoma Fur Traders batting - Pitching for Ft. Polk South Thunder Hawks : RHP Andy Brogan
Batting: RHB Chad Silander 0-0: Ball
1-0: Ball
2-0: Ball
3-0: Foul Ball, location: 2F
3-1: Called Strike
3-2: Strikes out swinging
Batting: RHB Roberto Aguirre 0-0: Ball
1-0: Ground out 6-3 (Groundball, 6)
Batting: RHB David Tineo 0-0: Ground out 5-3 (Groundball, 56S)
Bottom of the 6th over - 0 runs, 0 hits, 0 errors, 0 left on base; Ft. Polk South 0 - Tacoma 3
TOP OF THE 7TH
Ft. Polk South Thunder Hawks batting - Pitching for Tacoma Fur Traders : LHP Luis Ruíz
Batting: RHB Borja Berrios 0-0: Foul Ball, location: 2F
0-1: Ball
1-1: Foul Ball, location: 2F
1-2: Foul Ball, location: 2F
1-2: Fly out, F9 (Flyball, 9)
Batting: RHB José Morín 0-0: Called Strike
0-1: Ball
1-1: Ball
2-1: Foul Ball, location: 2F
2-2: Ball
3-2: Foul Ball, location: 2F
3-2: Fly out, F4 (Line Drive, 4)
Batting: RHB Turner Buccigross 0-0: Foul Ball, location: 2F
0-1: SINGLE (Line Drive, 56D)
Batting: RHB Erik Sterk 0-0: Ball
1-0: Swinging Strike
Turner Buccigross steals 2nd base
1-1: Foul Ball, location: 2F
1-2: SINGLE (Line Drive, 7S)
Turner Buccigross to third
Runner from 3rd tries for Home, SAFE, throw made home
Pinch Runner at 1st Álex Castillo:
Batting: RHB Alejandro Santiago 0-0: Ball
1-0: Ball
2-0: Foul Ball, location: 2F
2-1: Foul Ball, location: 2F
2-2: Foul Ball, location: 2F
2-2: Foul Ball, location: 2F
2-2: Foul Ball, location: 2F
2-2: Fly out, F2 (Popup, 23F)
Top of the 7th over - 1 run, 2 hits, 0 errors, 1 left on base; Ft. Polk South 1 - Tacoma 3
BOTTOM OF THE 7TH
Tacoma Fur Traders batting - Pitching for Ft. Polk South Thunder Hawks : RHP Andy Brogan
Pitching: LHP César Vásquez
Now in LF: Aaron Dixon
Batting: RHB Jonathan Barnett 0-0: Ball
1-0: Foul Ball, location: 2F
1-1: SINGLE (Flyball, 8LS)
Batting: SHB Fred Leos 0-0: Bunt missed!
0-1: Ball
1-1: Called Strike
1-2: Strikes out swinging
Batting: LHB Elmer Hudgins 0-0: Ball
1-0: Foul Ball, location: 2F
1-1: Foul Ball, location: 2F
1-2: Ball
2-2: Foul Ball, location: 2F
2-2: Foul Ball, location: 2F
2-2: DOUBLE (Flyball, 78D)
Jonathan Barnett to third
Pinch Hitting: RHB Trevor O'Herlihy 0-0: Foul Ball, location: 2F
0-1: Ball
1-1: Foul Ball, location: 2F
1-2: Foul Ball, location: 2F
1-2: Strikes out looking
Batting: RHB Gustavo González 0-0: Ground out 6-3 (Groundball, 6)
Bottom of the 7th over - 0 runs, 2 hits, 0 errors, 2 left on base; Ft. Polk South 1 - Tacoma 3
TOP OF THE 8TH
Ft. Polk South Thunder Hawks batting - Pitching for Tacoma Fur Traders : LHP Luis Ruíz
Now at SS: Luis Flores
Batting: LHB Tim Stinson 0-0: Fly out, F5 (Popup, 5SF)
Batting: RHB Luis Oliva 0-0: Ball
1-0: Ball
2-0: Swinging Strike
2-1: Called Strike
2-2: Strikes out looking
Batting: SHB David Martínez 0-0: Ball
1-0: Foul Ball, location: 2F
1-1: Ball
2-1: Ball
3-1: Ground out 6-3 (Groundball, 6)
Top of the 8th over - 0 runs, 0 hits, 0 errors, 0 left on base; Ft. Polk South 1 - Tacoma 3
BOTTOM OF THE 8TH
Tacoma Fur Traders batting - Pitching for Ft. Polk South Thunder Hawks : LHP César Vásquez
Batting: LHB Ernesto Sánchez 0-0: Ball
1-0: Ground out 6-3 (Groundball, 6D)
Batting: RHB Chad Silander 0-0: Ball
1-0: DOUBLE (Line Drive, 7LD)
Batting: RHB Roberto Aguirre 0-0: Foul Ball, location: 2F
0-1: Ball
1-1: Ball
2-1: Ball
3-1: Called Strike
3-2: Foul Ball, location: 2F
3-2: Foul Ball, location: 2F
3-2: Ground out 4-3 (Groundball, 4MD)
Chad Silander to third
Batting: RHB David Tineo 0-0: Called Strike
0-1: Ball
1-1: Foul Ball, location: 2F
1-2: Ball
2-2: Ball
3-2: Foul Ball, location: 2F
3-2: Foul Ball, location: 2F
3-2: Strikes out swinging
Bottom of the 8th over - 0 runs, 1 hit, 0 errors, 1 left on base; Ft. Polk South 1 - Tacoma 3
TOP OF THE 9TH
Ft. Polk South Thunder Hawks batting - Pitching for Tacoma Fur Traders : LHP Luis Ruíz
Pitching: RHP Trevor Brohard
Batting: RHB Peter Feng 0-0: Called Strike
0-1: Called Strike
0-2: Strikes out looking
Batting: RHB Borja Berrios 0-0: Foul Ball, location: 2F
0-1: Foul Ball, location: 2F
0-2: Ball
1-2: Foul Ball, location: 2F
1-2: Foul Ball, location: 2F
1-2: Foul Ball, location: 2F
1-2: DOUBLE (Groundball, 5L)
Batting: RHB José Morín 0-0: Ball
1-0: Swinging Strike
1-1: Ball
2-1: Ball
3-1: Base on Balls
Batting: RHB Turner Buccigross 0-0: Ball
1-0: Foul Ball, location: 2F
1-1: Ball
2-1: Grounds into double play, 6-4-3 (Groundball, 6M)
Top of the 9th over - 0 runs, 1 hit, 0 errors, 1 left on base; Ft. Polk South 1 - Tacoma 3
Tuesday, December 19th, 2017 - OOTP Baseball 18.8 Build 76